 Dungeon Crawl Stone Soup version 0.31-a0-152-g6aa68a64a1 (webtiles) character file.

Game seed: 12651193433573120948

44 qw the Shooter (level 3, -2/31 HPs)
             Began as a Minotaur Hunter on June 10, 2023.
             Slain by Robin
             ... wielding a +0 dagger
              (3 damage)
             ... on level 2 of the Dungeon.
             The game lasted 00:00:21 (796 turns).

qw the Shooter (Minotaur Hunter)                     Turns: 796, Time: 00:00:22

Health: -2/31      AC:  3    Str: 15    XL:     3   Next: 39%
Magic:  2/2        EV: 12    Int:  6    God:
Gold:   119        SH:  0    Dex: 15    Spells: 2/2 levels left

rFire   . . .        Y - +0 shortbow
rCold   . . .        (shield currently unavailable)
rNeg    . . .        c - +0 leather armour
rPois   .            (helmet restricted)
rElec   .            (no cloak)
rCorr   .            (no gloves)
SInv    .            (no boots)
Will    .....        (no amulet)
Stlth   +            (no ring)
HPRegen 0.25/turn    (no ring)
MPRegen 0.08/turn

%: no passive effects
@: no status effects
A: horns 2, retaliatory headbutt
a: no special abilities


You were on level 2 of the Dungeon.
You visited 1 branch of the dungeon, and saw 2 of its levels.

You collected 119 gold pieces.


Innate Abilities, Weirdness & Mutations

You have a pair of horns on your head.
You reflexively headbutt those who attack you in melee.


   Skills:
 - Level 3.0 Fighting
 + Level 5.5 Ranged Weapons
 - Level 2.1 Dodging
 - Level 0.7 Stealth


You had 2 spell levels left.
You didn't know any spells.
Your spell library was empty.

Inventory:

Hand Weapons
 Y - a +0 shortbow (weapon)
Armour
 c - a +0 leather armour (worn)
Potions
 d - a potion of mutation {unknown}
 f - a potion of enlightenment {unknown}
 g - a potion of lignification {unknown}

Dungeon Overview and Level Annotations

Branches:
Dungeon (2/15)

Altars:

Shops:
D:1 [

Annotations:
D:2 Robin


Message History

The arrow hits the goblin.
You kill the goblin!
Robin throws the goblin at you!
A goblin comes into view. It is wielding a +0 dagger.
You shoot an arrow. The arrow completely misses the goblin.
A goblin comes into view. It is wielding a +0 club.
The hobgoblin closely misses you. The goblin hits you but does no damage.
You shoot an arrow. The arrow barely misses the goblin.
The goblin shouts!
A goblin comes into view. It is wielding a +0 dagger.
The goblin hits you with a +0 club. The hobgoblin closely misses you.
You furiously retaliate!
You headbutt the hobgoblin.
You kill the hobgoblin!
You shoot an arrow. The arrow barely misses the goblin.
The goblin hits you with a +0 club. The goblin barely misses you.
You shoot an arrow. The arrow barely misses the goblin.
The goblin hits you with a +0 antimagic dagger.
The goblin hits you with a +0 club.
You shoot an arrow. The arrow hits Robin.
Robin is moderately wounded.
The goblin hits you with a +0 club.
The goblin hits you with a +0 antimagic dagger.
Robin barely misses you. The goblin hits you but does no damage.
The goblin hits you with a +0 club.
You shoot an arrow.
The arrow hits Robin but does no damage.
Robin is moderately wounded.
The goblin barely misses you. Robin throws the goblin at you!
You shoot an arrow. The arrow hits Robin.
Robin is heavily wounded.
The goblin hits you but does no damage. The goblin barely misses you.
Robin misses you. The goblin hits you with a +0 club.
You shoot an arrow. The arrow closely misses Robin.
The goblin barely misses you. The goblin closely misses you.
You furiously retaliate!
You headbutt the goblin.
You kill the goblin!
The goblin misses you. You furiously retaliate!
You headbutt the goblin.
You kill the goblin!
The goblin barely misses you. Robin hits you with a +0 dagger.
You die...

....# #...# ############### #...#
#.............# #...#
#.............# ...##
#.............# ...#
#.............# ..#####g
#.............# .## #..)
..#####g)....###### ## #...
....ggg@.....# # #))#
#####.g).....# #
#.)#######........#.......##
#.................#........#
#####............#....#........#
#...............##....#........#~
#######.....######....#........#~
..##........### #....#........#~
..##..........# #.............#~


You could see Robin and 4 goblins.

Vanquished Creatures
  A dart slug (D:1)
  An orc (D:2)
  5 endoplasms (D:1)
  A giant cockroach (D:1)
  9 goblins (D:2)
  4 hobgoblins
  4 kobolds
  2 ball pythons (D:1)
  6 bats (D:1)
  2 frilled lizards (D:1)
  A rat (D:1)
36 creatures vanquished.

Notes
Turn   | Place    | Note
-------+----------+-------------------------------------------
     0 | D:1      | qw the Minotaur Hunter began the quest for the Orb.
     0 | D:1      | Reached XP level 1. HP: 18/18 MP: 0/0
     0 | D:1      | 0 ||| qw: Version: 0.2-a-122-gbc61b45
     0 | D:1      | 0 ||| qw: Game counter: 3665
     0 | D:1      | 0 ||| qw: Always use a shield: true
     0 | D:1      | 0 ||| qw: God list: Okawaru
     0 | D:1      | 0 ||| qw: Allow faded altars: false
     0 | D:1      | 0 ||| qw: Do Orc after D:15 true
     0 | D:1      | 0 ||| qw: Do second Lair branch before Depths: true
     0 | D:1      | 0 ||| qw: Lair rune preference: random
     0 | D:1      | 0 ||| qw: Plans: Normal
     0 | D:1      | 0 ||| PLANNING D:1-11
    30 | D:1      | Found Qiewuyle's Armour Emporium.
    40 | D:1      | 40 ||| SHOPLISTING +0 pair of gloves (63 gold, have 0).
    40 | D:1      | 40 ||| SHOPLISTING +0 ring mail (56 gold, have 0).
    65 | D:1      | Reached XP level 2. HP: 20/25 MP: 1/1
    66 | D:1      | Reached skill level 5 in Ranged Weapons
   270 | D:1      | Reached skill level 3 in Fighting
   465 | D:1      | 465 ||| DROPPING ring of flight.
   466 | D:1      | 466 ||| DROPPING +6 ring of intelligence.
   467 | D:1      | 467 ||| READING scroll labelled MYLILOTSAED.
   468 | D:1      | 468 ||| DROPPING scroll of butterflies.
   496 | D:2      | Reached XP level 3. HP: 31/31 MP: 2/2
   760 | D:2      | Noticed Robin
   761 | D:2      | 761 ||| Stepping ~*~*~tactically~*~*~ (outnumbered).
   793 | D:2      | HP: 5/31 [goblin/+0 club[Robin] (3)]
   795 | D:2      | HP: 1/31 [goblin/+0 club[Robin] (4)]
   796 | D:2      | Slain by Robin

Levels and vault maps discovered:
D:1:      minmay_arrival_plants_in_alcoves, layout_rooms, serial_shops, shop
D:2:      layout_basic, serial_curves, eino_curves_02, eino_curves_02,
          dreamdust_ecumenical_altar_drowned_temple,
          chequers_serial_rivers_large_b, uniq_robin

Skill      XL: |  1  2 |
---------------+-------+-----
Ranged Weapons | 5 |  5.5
Fighting       | 3 |  3.0
Dodging        | |  2.1
Stealth        | |  0.7

Action                     || total
---------------------------++-------
   Fire: Shortbow          ||    87
    Use: Scroll            ||     1
 Armour: Leather armour    ||    13
  Dodge: Dodged            ||    30

Table legend:
 A = Non-vault XP
 B = Vault XP
 C = Vault XP percentage of total XP
 D = Non-vault monster count
 E = Vault monster count
 F = Vault count percentage of total count
                 A         B        C        D         E       F
            +---------+---------+-------+---------+---------+-------
      Total |      51 |      16 |  23.9 |      28 |       8 |  22.2
            +---------+---------+-------+---------+---------+-------
        D:1 |      40 |       0 |   0.0 |      23 |       0 |   0.0
        D:2 |      11 |      16 |  59.3 |       5 |       8 |  61.5
            +---------+---------+-------+---------+---------+-------
